 Dungeon Crawl Stone Soup version 0.17-a0-18-gc25b939 (webtiles) character file.

0 Pikaro the Skirmisher (level 1, -12/18 HPs)
             Began as a Formicid Abyssal Knight on Mar 12, 2015.
             Was a Follower of Lugonu.
             Mangled by a spatial maelstrom (15 damage)
             ... on level 1 of the Abyss.
             The game lasted 00:01:13 (136 turns).

Pikaro the Skirmisher (Formicid Abyssal Knight)      Turns: 136, Time: 00:01:14

Health: -12/18     AC:  3    Str: 16    XL:     1   Next: 0%
Magic:  1/1        EV: 11    Int: 11    God:    Lugonu [*.....]
Gold:   10         SH:  0    Dex: 10    Spells: 0 memorised, 0 levels left

rFire  . . .     SeeInvis +     a - +1 hand axe
rCold  . . .     Clarity  .     b - +0 leather armour
rNeg   . . .     SustAb   .     (no shield)
rPois  .         Gourm    .     (helmet unavailable)
rElec  .         Spirit   .     (no cloak)
rCorr  .         Warding  .     (no gloves)
rMut   .         Stasis   +     (no boots)
MR     .....                    (no amulet)
Stlth  +.........               (no ring)
                                (no ring)

@: not resistant to hostile enchantments, very unstealthy
A: permanent stasis, dig shafts and tunnels, four strong arms, antennae 3
a: Dig, Shaft Self, Depart the Abyss, Renounce Religion


You were on level 1 of the Abyss.
You worshipped Lugonu.
Lugonu was aware of your devotion.
You were not hungry.

You visited 0 branches of the dungeon, and saw 0 of its levels.
You visited the Abyss 1 time.

You collected 10 gold pieces.

Inventory:

Hand weapons
 a - a +1 hand axe (weapon)
Armour
 b - a +0 leather armour (worn)
Scrolls
 d - a scroll of blinking {unknown}
Comestibles
 c - a bread ration


   Skills:
 - Level 3.2 Fighting
 + Level 2.0 Axes
 - Level 2.1 Armour
 - Level 0.8 Dodging
 - Level 2.1 Invocations


You couldn't memorise any spells.
You didn't know any spells.

Dungeon Overview and Level Annotations

Branches:
Dungeon (0/15)

Altars:


Innate Abilities, Weirdness & Mutations

You are under a permanent stasis effect.
You can dig through walls and to a lower floor.
Your four strong arms can wield two-handed weapons with a shield.
You have a pair of large antennae on your head (SInv).


Message History

Welcome, Pikaro the Formicid Abyssal Knight.
The destiny of this world depends on the Orb of Zot.
Go down and get it!
Lugonu says: Depart the Abyss and spread corruption, my servant! (use the ability menu to exit the Abyss)
Found a corrupted altar of Lugonu.
You now have 10 gold pieces.
A purple very ugly thing comes into view.
Spoiler Alert: The purple very ugly thing (wandering) is fast and can cause rotting in melee!
You enter the shallow water.
Moving in this stuff is going to be slow.
Why would you want to do that?
You enter the shallow water.
Moving in this stuff is going to be slow.
An iron imp comes into view.
The iron imp shouts!
An insubstantial wisp comes into view.
The insubstantial wisp gives a chilling moan.
The insubstantial wisp blinks!
The iron imp shouts, "Remove thy stench, thou artless moldwarp slabber!"
The insubstantial wisp blinks!
A large abomination comes into view.
Spoiler Alert: The large abomination (wandering) might be fast and can hit for high damage in melee!
The iron imp shouts, "Quit, thou unhinged spur-galled apple-john!"
Spoiler Alert: The large abomination (wandering) might be fast and can hit for high damage in melee!
Spoiler Alert: The large abomination might be fast and can hit for high damage in melee!
A chaos spawn comes into view.
The chaos spawn gives a chilling moan.
You see here a scroll labeled SHRANANL FUTEPH.
d - a scroll labeled SHRANANL FUTEPH The insubstantial wisp hits you!
You take 7 damage, and have 11/18 hp.
MASSIVE DAMAGE!! 2 spatial vortices and a thrashing horror come into view.
The thrashing horror roars!
The spatial vortex moves out of view.
The thrashing horror tramples you but does no damage.
The thrashing horror closely misses you.
The insubstantial wisp blinks!
The thrashing horror tramples you!
* * * LOW HITPOINT WARNING * * *
You hold your ground!
The thrashing horror barely misses you.
You take 8 damage, and have 3/18 hp.
MASSIVE DAMAGE!!
The thrashing horror misses you.
The thrashing horror barely misses you. 2 spatial vortices and a spatial maelstrom come into view.
The insubstantial wisp barely misses you.
The spatial maelstrom completely misses you.
The spatial maelstrom hits you!
Ouch! That really hurt!
You die...

. .#. # # ## #..
#.#.{#. #.#
#..v#.##.##
###.....#.#.###
#..v...v@#..#(#
...#.#.v..#.X.#
#.#..##.#{#
#.#...#..###
#.#..#....#.####
##.....#...###.## #
#.........#{#..##.#
#.###.###..... 3..
#.# #..#...####


You could see a spatial maelstrom, 2 spatial vortices and an insubstantial wisp.

Vanquished Creatures (others)
  An ufetubus (Abyss:1)
1 creature vanquished.

Notes
Turn   | Place    | Note
--------------------------------------------------------------
     0 | Abyss:1  | Pikaro, the Formicid Abyssal Knight, began the quest for the Orb.
     0 | Abyss:1  | Reached XP level 1. HP: 18/18 MP: 1/1
    64 | Abyss:1  | Noticed a purple very ugly thing
    85 | Abyss:1  | Noticed an iron imp
    91 | Abyss:1  | Noticed an insubstantial wisp
   105 | Abyss:1  | Noticed a large abomination
   122 | Abyss:1  | Noticed a chaos spawn
   130 | Abyss:1  | Noticed a thrashing horror
   130 | Abyss:1  | Noticed a spatial vortex
   130 | Abyss:1  | Noticed a spatial vortex
   132 | Abyss:1  | HP: 3/18 [thrashing horror (8)]
   135 | Abyss:1  | Noticed a spatial maelstrom
   135 | Abyss:1  | Noticed a spatial vortex
   135 | Abyss:1  | Noticed a spatial vortex
   136 | Abyss:1  | Mangled by a spatial maelstrom

Vault maps used:

Table legend:
 A = Turns spent in this place as a percentage of turns spent in the entire game.
 B = Non-inter-level travel turns spent in this place as a percentage of non-inter-level travel turns spent in the entire game.
 C = Inter-level travel turns spent in this place as a percentage of turns spent in this place.
 D = Turns resting spent in this place as a percentage of non-inter-level travel turns spent in this place.
 E = Turns spent auto-exploring this place as a percentage of non-inter-level travel turns spent in this place.
 F = Non-inter-level travel turns spent in this place divided by the number of levels of this place that you've seen.
                   A       B       C       D       E      F
               +-------+-------+-------+-------+-------+----------------------
         Total | 100.0 | 100.0 |   0.0 |   0.0 |   0.0 | 155.0
         Abyss | 100.0 | 100.0 |   0.0 |   0.0 |   0.0 | 155.0
               +-------+-------+-------+-------+-------+----------------------
